 Dungeon Crawl Stone Soup version 0.31.0-9-g3a7656b989 (webtiles) character file.

Game seed: 8666007073229386487

133 Amaterasu the Ruffian (level 5, 0/33 HPs)
             Began as an Octopode Shapeshifter on Jan 24, 2024.
             Slain by a hobgoblin
             ... wielding a +0 spear
              (3 damage)
             ... on level 3 of the Dungeon.
             The game lasted 00:03:53 (1433 turns).

Amaterasu the Ruffian (Octopode Shapeshifter)       Turns: 1433, Time: 00:03:54

Health: 0/33       AC:  1    Str: 14    XL:     5   Next: 16%
Magic:  5/5        EV: 12    Int: 12    God:
Gold:   120        SH:  9    Dex: 15    Spells: 4/4 levels left

rFire   . .          .
                       - Unarmed
rCold   x . .        e - +1 kite shield
rNeg    . . .        (helmet currently unavailable)
rPois   .            (no amulet)
rElec   .            (no ring)
rCorr   .            (no ring)
SInv    .            (no ring)
Will    .....        (no ring)
Stlth   ++           (no ring)
HPRegen 0.25/turn    (no ring)
MPRegen 0.09/turn    (no ring)
                     (no ring)

%: no passive effects
@: beast-form, hasted, very quick
A: beast (slay +2), almost no armour, amphibious, 8 rings, camouflage 1,
gelatinous body 1, (nimble swimmer 1), tentacles, agile 1, cold vulnerability 1,
inability to read after injury 1
a: Begin Untransformation


You were on level 3 of the Dungeon.
You were a hulking beast.
You visited 1 branch of the dungeon, and saw 3 of its levels.

You collected 120 gold pieces.

Inventory:

Armour
 e - a +1 kite shield (worn)
Jewellery
 d - an amulet of faith
Talismans
 b - a beast talisman
 c - a flux talisman
Scrolls
 h - a scroll of enchant weapon
Potions
 g - a potion of haste
 j - 2 potions of brilliance


   Skills:
 * Level 1.6 Fighting
 * Level 2.9 Dodging
 * Level 1.1 Shields
 * Level 4.1 Unarmed Combat
 * Level 3.7 Shapeshifting


You had 4 spell levels left.
You didn't know any spells.
Your spell library contained the following spells:

 Spells                   Type           Power      Damage    Failure   Level
 Magic Dart               Conj           0%         1d3       77%         1
 Blink                    Tloc           0%         N/A       88%         2
 Call Imp                 Summ           0%         N/A       88%         2
 Ensorcelled Hibernation  Hex/Ice        0%         N/A       88%         2
 Searing Ray              Conj           0%         2d4       88%         2
 Inner Flame              Hex/Fire       0%         N/A       98%         3
 Animate Dead             Necr           0%         N/A       100%        4
 Dimensional Bullseye     Hex/Tloc       0%         N/A       100%        4
 Fulminant Prism          Conj/Alch      0%         3d5       100%        4
 Haunt                    Necr/Summ      0%         N/A       100%        7
 Discord                  Hex            0%         N/A       100%        8
 Infestation              Necr           0%         N/A       100%        8


Dungeon Overview and Level Annotations

Branches:
Dungeon (3/15)

Altars:


Innate Abilities, Weirdness & Mutations

You are a hulking beast.
Your limbs bulge with bestial killing power. (Slay +2)
You cannot wear most types of armour.
You are amphibious.
You can wear up to eight rings at the same time.
Your skin changes colour to match your surroundings (Stealth+).
Your rubbery body absorbs attacks. (AC +1, EV +1)
((You are camouflaged when in or above water. (Stealth+)))
You have tentacles for arms and can constrict up to eight enemies at once.
You are agile. (Dex +4, Str/Int -1)
You are vulnerable to cold. (rC-)
You occasionally lose the ability to read scrolls when taking damage.


Message History

The rat is severely wounded.
Your transformation is almost over.
You hit the rat but do no damage.
The rat is severely wounded.
The goblin hits you but does no damage.
The hobgoblin hits you but does no damage.
The rat barely misses you.
You barely miss the rat.
The rat is severely wounded.
The hobgoblin hits you but does no damage.
You block the goblin's attack. The rat bites you but does no damage.
You closely miss the rat.
The rat is severely wounded.
You block the goblin's attack. You block the hobgoblin's attack.
You block the rat's attack.
You smack the rat!
You kill the rat!
You block the goblin's attack.
The hobgoblin hits you but does no damage.
You barely miss the goblin. You hit the goblin but do no damage.
The goblin hits you but does no damage.
The hobgoblin hits you but does no damage.
You closely miss the goblin. You block the hobgoblin's attack.
You block the goblin's attack.
You closely miss the goblin. You block the goblin's attack.
You block the hobgoblin's attack.
You barely miss the goblin. You barely miss the goblin.
The goblin hits you but does no damage. You block the hobgoblin's attack.
You smack the goblin!
You kill the goblin!
You block the hobgoblin's attack.
You cannot move.
You aren't carrying any items that you can evoke.
You have nothing you can fire or use right now.
The hobgoblin hits you but does no damage.
You feel less wooden.
You turn into a hulking beast.
The hobgoblin hits you from afar with a +0 spear.
You die...

#.....<...#
#########.# #######
#.....# #....$#
####.....#
##...†h)g.#
######.#.#.†)..)...
#.....###.#.#......
#.####.#.##.####.##
#.# #.# #.# # #.#
#.# #.# ###.# # #
#.# #...# #.# #.###


You could see a hobgoblin.

Vanquished Creatures
  Jessica (D:3)
  3 adders
  A dart slug (D:1)
  An orc (D:3)
  6 bats
  6 endoplasms
  5 giant cockroaches
  7 goblins
  14 hobgoblins
  4 quokkas
  9 ball pythons
  4 frilled lizards
  A jackal skeleton (D:3)
  5 kobolds
  3 rats
70 creatures vanquished.

Notes
Turn   | Place    | Note
-------+----------+-------------------------------------------
     0 | D:1      | Amaterasu the Octopode Shapeshifter began the quest for the
                  | Orb.
     0 | D:1      | Reached XP level 1. HP: 13/13 MP: 1/1
   150 | D:1      | Reached XP level 2. HP: 11/18 MP: 2/2
   273 | D:1      | Reached XP level 3. HP: 15/23 MP: 3/3
   330 | D:1      | Found a faded altar of an unknown god.
   337 | D:1      | Got the Verses on Imprecation
   812 | D:2      | Reached XP level 4. HP: 28/28 MP: 4/4
  1239 | D:2      | Gained mutation: You occasionally lose the ability to read
                  | scrolls when taking damage. [potion of mutation]
  1239 | D:2      | Gained mutation: You are vulnerable to cold. (rC-) [potion
                  | of mutation]
  1239 | D:2      | Gained mutation: You are agile. (Dex +4, Str/Int -1)
                  | [potion of mutation]
  1393 | D:3      | Noticed Jessica
  1400 | D:3      | Killed Jessica
  1401 | D:3      | Reached skill level 1 in Shields
  1401 | D:3      | Reached skill level 4 in Unarmed Combat
  1406 | D:3      | Reached XP level 5. HP: 4/33 MP: 5/5
  1413 | D:3      | HP: 1/49 [adder (3)]
  1433 | D:3      | Slain by a hobgoblin

Illustrated notes

Levels and vault maps discovered:
D:1:      minmay_arrival_wavy_path, layout_rooms,
          hellmonk_ecumenical_altar_heavens_door, minmay_nonomino_d4
D:2:      layout_loops_ring
D:3:      layout_loops_ring, serial_undead, serial_undead_c, serial_undead_b,
          serial_undead_b, serial_undead_a, serial_undead_c, serial_undead_f,
          serial_undead_e, serial_undead_d, serial_undead_d, serial_undead_c,
          uniq_ijyb, uniq_jessica, uniq_pargi

Skill      XL: |  1  2  3  4 |
---------------+-------------+-----
Shields        | 1 |  1.1
Unarmed Combat | 4 |  4.1
Fighting       | |  1.6
Dodging        | |  2.9
Shapeshifting  | |  3.7

Action                     |  1- 3 |  4- 6 || total
---------------------------+-------+-------++-------
  Melee: Unarmed           |    87 |    55 ||   142
         Constrict         |    24 |     6 ||    30
         Tentacles         |     9 |     6 ||    15
         Punch             |     2 |     1 ||     3
    Use: Scroll            |     5 |     1 ||     6
         Potion            |       |     4 ||     4
   Stab: Sleeping          |     3 |     6 ||     9
 Armour: Skin              |    30 |    28 ||    58
  Dodge: Dodged            |    37 |     6 ||    43
  Block: Kite shield       |    24 |    32 ||    56
